 Dungeon Crawl Stone Soup version 0.28-a0-1080-g05a166d0ed (webtiles) character file.

Game seed: 9566916925791001456

637 ytrimaz the Insei (level 7, -14/55 HPs)
             Began as an Octopode Transmuter on Dec 9, 2021.
             Demolished by Menkaure (19 damage)
             ... on level 5 of the Dungeon.
             The game lasted 00:05:48 (4430 turns).

ytrimaz the Insei (Octopode Transmuter)             Turns: 4430, Time: 00:05:49

Health: -14/55     AC:  6    Str: 10    XL:     7   Next: 50%
Magic:  9/12       EV: 10    Int: 17    God:
Gold:   340        SH:  0    Dex: 12    Spells: 5/13 levels left

rFire   x . .      SeeInvis .     - Unarmed
rCold   + + +      Faith    .   (shield currently unavailable)
rNeg    . . .      Spirit   .   (helmet currently unavailable)
rPois   +          Reflect  .   g - amulet of regeneration
rElec   .          Harm     .   b - ring of wizardry
rCorr   .          Rampage  .   f - ring of poison resistance
Will    .....                   j - ring of protection from cold
Stlth   +.........              (no ring)
HPRegen 0.98/turn               (no ring)
MPRegen 0.13/turn               (no ring)
                                (no ring)
                                (no ring)

@: ice-form
A: freezing attack, boosted hp, almost no armour, amphibious, 8 rings, large,
(camouflage 1), (gelatinous body 1), (nimble swimmer 1), (tentacles)
a: End Transformation


You were on level 5 of the Dungeon.
You were a creature of crystalline ice.
You visited 1 branch of the dungeon, and saw 6 of its levels.

You collected 1300 gold pieces.
You spent 960 gold pieces at shops.

Inventory:

Missiles
 c - 29 poisoned darts
 q - a throwing net
Jewellery
 b - a ring of wizardry (left front paw)
 f - a ring of poison resistance (right front paw)
 g - an amulet of regeneration (around neck)
 j - a ring of protection from cold (on tentacle)
Scrolls
 a - a scroll of blinking
 d - a scroll of enchant armour
 i - a scroll of vulnerability {unknown}
 k - a scroll of teleportation
 l - a scroll of noise {unknown}
 m - a scroll of fog {unknown}
 n - a scroll of torment {unknown}
 p - a scroll of magic mapping
Potions
 e - 2 potions of curing
 h - 2 potions of berserk rage
 o - a potion of brilliance {unknown}
 r - a potion of ambrosia {unknown}


   Skills:
 * Level 3.0 Fighting
 - Level 2.0 Dodging
 + Level 5.5 Unarmed Combat
 * Level 3.8 Spellcasting
 * Level 4.0 Transmutations
 + Level 0.7 Ice Magic
 + Level 2.1 Poison Magic


You had 5 spell levels left.
You knew the following spells:

 Your Spells              Type           Power      Damage    Failure   Level
a - Beastly Appendage     Tmut           32%        N/A       1%          1
b - Spider Form           Tmut/Pois      13%        N/A       6%          3
c - Ice Form              Ice/Tmut       11%        N/A       24%         4

Your spell library contained the following spells:

 Spells                   Type           Power      Damage    Failure   Level
 Wereblood                Tmut           16%        N/A       1%          2
 Ensorcelled Hibernation  Hex/Ice        8%         N/A       9%          2
 Tukima's Dance           Hex            3%         N/A       19%         3


Dungeon Overview and Level Annotations

Branches:
Dungeon (6/15)
 Temple: D:4-7

Altars:
Dithmenos
Gozag
Kikubaaqudgha

Shops:
D:1 =   D:3 *

Annotations:
D:3 3 runed translucent doors, patchburns1's ghost, weakling DjFE
D:5 Menkaure


Innate Abilities, Weirdness & Mutations

You are a creature of crystalline ice.
You have a powerful freezing melee attack.
Your maximum health is increased.
Your armour is entirely melded.
You are incapable of wielding weapons or throwing items.
You cannot wear most types of armour.
You are amphibious.
You can wear up to eight rings at the same time.
((Your skin changes colour to match your surroundings (Stealth+).))
((Your rubbery body absorbs attacks. (AC +1, EV +1)))
((You are camouflaged near water. (Stealth+)))
((You have tentacles for arms and can constrict up to eight enemies at once.))


Message History

Unknown command.
Menkaure casts a spell.
Menkaure seems to speed up.
Menkaure hits you!!
You punch Menkaure! You freeze Menkaure.
Menkaure is heavily damaged.
Menkaure hits you but does no damage.
You hit Menkaure.
Menkaure is heavily damaged.
Menkaure calls on the powers of darkness!
Your body is wracked with pain!
You hit Menkaure. You freeze Menkaure.
Menkaure is severely damaged.
Menkaure barely misses you.
Unknown command.
You hit Menkaure.
Menkaure is almost destroyed.
Menkaure gestures at you while chanting.
Pain shoots through your body!
* * * LOW HITPOINT WARNING * * *
You hit Menkaure but do no damage.
Menkaure is almost destroyed.
Menkaure completely misses you.
Unknown command.
You hit Menkaure.
Menkaure is almost destroyed.
Menkaure hits you.
* * * LOW HITPOINT WARNING * * *
Unknown command.
You hit Menkaure but do no damage.
Menkaure is almost destroyed.
Menkaure hits you!
* * * LOW HITPOINT WARNING * * *
Unknown command.
You feel better.
Menkaure calls on the powers of darkness!
Your body is wracked with pain!
* * * LOW HITPOINT WARNING * * *
Menkaure hits you!!
You die...

.. ##..# .##
....# .?. #
#...###.##.
#.#..!....
#.#.....#
#.#..<..#
##.#.....##.#
####...YM......#
.......#.....##.#
.####...........#
#....######.#
#....# #
#....#####
#..........
#.#........
#>#..######


You could see Menkaure (fast).

Vanquished Creatures
  Eustachio (D:4)
  A bullfrog (D:4)
  A scorpion (D:3)
  A water moccasin skeleton (D:4)
  A hound (D:4)
  4 iguanas (D:4)
  6 gnolls
  A howler monkey skeleton (D:4)
  3 adders
  A worm (D:2)
  7 dart slugs
  3 bats
  9 endoplasms
  4 giant cockroaches
  11 goblins
  7 hobgoblins
  2 quokkas (D:3)
  6 ball pythons
  3 frilled lizards
  A kobold (D:2)
  11 rats
84 creatures vanquished.

Notes
Turn   | Place    | Note
-------+----------+-------------------------------------------
     0 | D:1      | ytrimaz the Octopode Transmuter began the quest for the
                  | Orb.
     0 | D:1      | Reached XP level 1. HP: 13/13 MP: 3/3
   131 | D:1      | Reached XP level 2. HP: 11/18 MP: 3/5
   592 | D:1      | Reached XP level 3. HP: 19/23 MP: 6/6
   596 | D:1      | Learned a level 3 spell: Spider Form
   846 | D:1      | Found Oqung's Jewellery Emporium.
  2011 | D:2      | Reached XP level 4. HP: 14/29 MP: 0/7
  2018 | D:2      | Reached skill level 4 in Unarmed Combat
  2382 | D:2      | Found a faded altar of an unknown god.
  2728 | D:2      | Identified a scroll of acquirement
  2728 | D:2      | Acquired 1117 gold pieces
  2792 | D:1      | Bought a ring of wizardry for 360 gold pieces
  2792 | D:1      | Bought a ring of poison resistance for 240 gold pieces
  2792 | D:1      | Bought an amulet of regeneration for 360 gold pieces
  2884 | D:2      | Learned a level 4 spell: Ice Form
  3040 | D:3      | Noticed patchburns1's ghost (weakling DjFE)
  3049 | D:3      | Found a runed translucent gate.
  3049 | D:3      | Found a runed translucent gate.
  3049 | D:3      | Found a runed translucent gate.
  3117 | D:3      | Found Luechua's General Store.
  3278 | D:3      | Noticed a scorpion
  3294 | D:3      | Killed a scorpion
  3295 | D:3      | Reached XP level 5. HP: 34/34 MP: 0/9
  3750 | D:4      | Reached skill level 1 in Poison Magic
  3766 | D:4      | Reached XP level 6. HP: 31/39 MP: 7/10
  3814 | D:4      | Reached skill level 5 in Unarmed Combat
  3952 | D:4      | Found an ancient bone altar of Kikubaaqudgha.
  4144 | D:4      | Reached XP level 7. HP: 37/45 MP: 9/12
  4218 | D:4      | Found an opulent altar of Gozag.
  4363 | D:4      | Noticed Eustachio
  4379 | D:4      | Killed Eustachio
  4398 | D:4      | You fall into a shaft and drop 2 floors!
  4405 | D:6      | Found a shadowy altar of Dithmenos.
  4407 | D:5      | Entered Level 5 of the Dungeon
  4415 | D:5      | Noticed Menkaure
  4429 | D:5      | HP: 1/55 [Menkaure (9)]
  4430 | D:5      | Demolished by Menkaure

Illustrated notes

Levels and vault maps discovered:
D:1:      wheals_arrival_shading, layout_basic, serial_shops,
          nicolae_shop_waterfront, serial_curves, eino_curves_02, eino_curves_02
D:2:      layout_basic, hellmonk_ecumenical_altar_crossroads, minivault_11,
          lemuel_old_faithful
D:3:      layout_loops_ring, serial_shops, shop, gammafunk_ghost_split
D:4:      layout_loops_ring, nicolae_gozag_cash_rules_everything_around_me,
          overflow_temple_1_default, uniq_eustachio
D:5:      layout_loops_ring, nicolae_hepliaklqana_monster_ancestors,
          minmay_temple_entry_purple_smoke, minmay_shop_mayhem,
          kennysheep_generic_room_7, uniq_menkaure
D:6:      layout_loops_cross, lemuel_doored_altar,
          eat_drink_and_be_merry_uskayaw, uniq_maggie

Skill      XL: |  1  2  3  4  5  6  7 |
---------------+----------------------+-----
Unarmed Combat | 4 5 |  5.5
Fighting       | 2 3 |  3.0
Transmutations | 3 4 |  4.0
Poison Magic   | 1 2 |  2.1
Spellcasting   | 3 |  3.8
Dodging        | |  2.0
Ice Magic      | |  0.7

Action                   |  1- 3 |  4- 6 |  7- 9 || total
-------------------------+-------+-------+-------++-------
Melee: Unarmed           |    76 |    95 |    41 ||   212
       Constrict         |    20 |     9 |     3 ||    32
       Tentacles         |    14 |     3 |       ||    17
       Kick              |     2 |       |       ||     2
       Punch             |       |     2 |     1 ||     3
 Cast: Beastly Appendage |     6 |       |       ||     6
       Spider Form       |     2 |    10 |     5 ||    17
       Ice Form          |       |     4 |     1 ||     5
  Use: Scroll            |     5 |     4 |       ||     9
       Potion            |     1 |       |     1 ||     2
 Stab: Sleeping          |     6 |     5 |     1 ||    12
Armor: Skin              |     8 |     3 |     5 ||    16
Dodge: Dodged            |    48 |    54 |    34 ||   136

Table legend: (Time is in decaauts)
 A = Elapsed time spent in this place.
 B = Non-inter-level travel time spent in this place.
 C = Inter-level travel time spent in this place.
 D = Time resting spent in this place.
 E = Time spent auto-exploring this place.
 F = Levels seen in this place.
 G = Mean time per level.
                   A        B        C        D        E       F      G
               +--------+--------+--------+--------+--------+-----+--------+
         Total |   4413 |   4286 |    127 |    576 |   2892 |   6 |  735.5 |
       Dungeon |   4413 |   4286 |    127 |    576 |   2892 |   6 |  735.5 |
               +--------+--------+--------+--------+--------+-----+--------+

Top non-repeatable levels by time:
     D:1: 1703 daAuts
     D:2: 1204 daAuts
     D:3: 816 daAuts
     D:4: 657 daAuts
     D:5: 22 daAuts
     D:6: 8 daAuts
